 Dungeon Crawl Stone Soup version 0.31.0-1-g2c135a0 (webtiles) character file.

Game seed: 10492007166534783488

167 bonscott the Magician (level 5, 0/35 HPs)
             Began as a Djinni Conjurer on Mar 15, 2024.
             Slain by an orc priest
             ... wielding a +0 club
              (1 damage)
             ... on level 3 of the Dungeon.
             The game lasted 00:19:08 (2369 turns).

bonscott the Magician (Djinni Conjurer)             Turns: 2369, Time: 00:19:08

Health: 0/35       AC:  5    Str:  8    XL:     5   Next: 76%
Gold:   101        EV: 12    Int: 19    God:
                   SH:  0    Dex: 12

rFire   + + .        e - +2 dagger (flame)
rCold   x . .        (no shield)
rNeg    . . .        a - +0 robe
rPois   ∞            k - +1 helmet
rElec   .            o - +0 cloak
rCorr   .            (no gloves)
SInv    .            (boots unavailable)
Will    .....        (no amulet)
Stlth   ++           (no ring)
HPRegen 0.25/turn    (no ring)
MPRegen 0.00/turn

%: infuse magic (-1 HP)
@: brilliant, flying
A: sickness immunity, fire resistance 2, cold vulnerability 1, float, innate
caster, HP casting, extra vitality 1
a: no special abilities


You were on level 3 of the Dungeon.
You visited 1 branch of the dungeon, and saw 3 of its levels.

You collected 101 gold pieces.

Inventory:

Hand Weapons
 b - a +0 sling
 d - a +3 dagger
 e - a +2 dagger of flaming (weapon)
Missiles
 h - 12 boomerangs
 n - 6 poisoned darts
Armour
 a - a +0 robe (worn)
 f - a +0 ring mail
 k - a +1 helmet (worn)
 o - a +0 cloak (worn)
 p - a +0 leather armour
Jewellery
 q - a ring of protection from fire
Scrolls
 c - 2 scrolls of identify {unknown}
 i - 2 scrolls of vulnerability
 j - a scroll of enchant armour
 l - 2 scrolls of teleportation {unknown}
 m - a scroll of amnesia {unknown}
 s - a scroll of fog {unknown}
Potions
 g - a potion of degeneration {unknown}
 r - a potion of brilliance
 t - a potion of cancellation {unknown}
 u - a potion of attraction {unknown}


   Skills:
 - Level 2.1 Dodging
 - Level 1.5 Stealth
 + Level 5.4 Spellcasting
 + Level 5.4 Conjurations
 + Level 5.4 Hexes
 + Level 5.4 Summonings
 + Level 5.4 Necromancy
 + Level 5.4 Translocations
 + Level 5.4 Fire Magic
 + Level 5.4 Ice Magic
 + Level 5.4 Air Magic
 + Level 5.4 Earth Magic
 + Level 5.4 Alchemy


You knew the following spells:

 Your Spells              Type           Power      Damage    Failure   Level
a - Apportation           Tloc           76%        N/A       1%          1
d - Magic Dart            Conj           100%       1d8       1%          1
f - Fulminant Prism       Conj/Alch      19%        3d10      13%         4
g - Static Discharge      Conj/Air       76%        3-7/arc   1%          2
m - Iskenderun's Mystic   Conj/Tloc      38%        2d9       13%         4
r - Searing Ray           Conj           76%        2d7       1%          2
Your spell library was empty.

Dungeon Overview and Level Annotations

Branches:
Dungeon (3/15)

Altars:
Dithmenos


Innate Abilities, Weirdness & Mutations

You are immune to sickness and miasma.
You are immune to poison.
Your flesh is very heat resistant. (rF++)
You are vulnerable to cold. (rC-)
You float through the air rather than walking.
You learn spells naturally, not from books.
Your magical power is your life essence.
You have superior vitality. (+4 MHP)


Message History

The orc shouts!
You hear a shout!
The magic dart hits the orc.
The orc is severely wounded.
The orc shouts!
Things that are here:
a +0 robe; a +0 dagger; an orc corpse The magic dart hits the orc.
The orc is almost dead.
The magic dart hits the orc.
You kill the orc!
The magic dart hits the orc.
You kill the orc!
You start resting.
An orc priest is nearby!
You start waiting.
An orc priest is nearby!
The orc priest calls down the wrath of Beogh upon you.
Beogh smites you!
Casting: Magic Dart (safe; 1% risk of failure)
Confirm with . or Enter, or press ? or * to list all spells.
The orc priest is struck by an arc of lightning.
The orc priest is heavily wounded.
You are struck by an arc of lightning.
The lightning grounds out.
The orc priest hits you with a +0 club.
Casting: Static Discharge (safe; 1% risk of failure)
Confirm with . or Enter, or press ? or * to list all spells.
The orc priest is struck by an arc of lightning.
The orc priest is heavily wounded.
You are struck by an arc of lightning.
The orc priest is struck by an arc of lightning.
The orc priest is heavily wounded.
The lightning grounds out.
The orc priest calls down the wrath of Beogh upon you.
Beogh smites you!
* * * LOW HITPOINT WARNING * * *
Unknown command.
It was a potion of brilliance.
You feel clever all of a sudden. The orc priest hits you with a +0 club.
You die...

### ####### #######.#
###8###8###⌠###8###8#.#
#.............o........
#..........[[...)....#.
#.#####.###..#####o..##
#..## #.# ##.# ##..###
##..# #.# #.####..##..
##.###o# #.#.....#..#
#...@.# #...###...##
####.## ##### #..### #..#
##.## #.## #..# ##.# #..#
#..# ######..#
#.#######.......#
#####.#........####.##
###.........####§####..###


You could see an orc priest.

Vanquished Creatures
  Natasha (twice) (D:2)
  An orc wizard (D:3)
  An adder (D:2)
  2 dart slugs
  4 orcs (D:3)
  11 endoplasms
  5 giant cockroaches
  8 goblins
  5 hobgoblins
  2 jackals (D:3)
  2 quokkas
  10 ball pythons
  5 bats
  4 frilled lizards
  4 kobolds (D:1)
  2 rats (D:1)
68 creatures vanquished.

Notes
Turn   | Place    | Note
-------+----------+-------------------------------------------
     0 | D:1      | bonscott the Djinni Conjurer began the quest for the Orb.
     0 | D:1      | bonscott set off with the following spells memorised: Magic
                  | Dart, Searing Ray, Fulminant Prism, Iskenderun's Mystic
                  | Blast.
     0 | D:1      | Reached XP level 1. HP: 15/15 MP: 0/0
   200 | D:1      | Reached XP level 2. HP: 19/21 MP: 0/0
   569 | D:1      | Found a faded altar of an unknown god.
   617 | D:1      | Reached XP level 3. HP: 22/25 MP: 0/0
   617 | D:1      | Learned a level 1 spell: Apportation
  1169 | D:2      | Noticed Natasha
  1173 | D:2      | Killed Natasha
  1174 | D:2      | Reached XP level 4. HP: 19/31 MP: 0/0
  1208 | D:2      | Noticed Natasha
  1212 | D:2      | Killed Natasha
  1213 | D:2      | Reached XP level 5. HP: 20/35 MP: 0/0
  1213 | D:2      | Learned a level 2 spell: Static Discharge
  1287 | D:2      | Reached skill level 5 in Spellcasting
  1287 | D:2      | Reached skill level 5 in Conjurations
  1287 | D:2      | Reached skill level 5 in Hexes
  1287 | D:2      | Reached skill level 5 in Summonings
  1287 | D:2      | Reached skill level 5 in Necromancy
  1287 | D:2      | Reached skill level 5 in Translocations
  1287 | D:2      | Reached skill level 5 in Fire Magic
  1287 | D:2      | Reached skill level 5 in Ice Magic
  1287 | D:2      | Reached skill level 5 in Air Magic
  1287 | D:2      | Reached skill level 5 in Earth Magic
  1287 | D:2      | Reached skill level 5 in Alchemy
  1752 | D:3      | Found a shadowy altar of Dithmenos.
  2368 | D:3      | HP: 1/35 [orc priest/divine providence (13)]
  2369 | D:3      | Slain by an orc priest

Illustrated notes

Levels and vault maps discovered:
D:1:      matt_arrival_diagonals, layout_loops_corners,
          shapermc_ecumenical_altar_flowoftime, dreamdust_princess_corridor
D:2:      layout_loops_ring, chequers_decorated_corner, supply_closet_lemuel,
          chequers_arboretum, st_stairs_10, minmay_worlds_worst_comb,
          uniq_natasha
D:3:      layout_rooms, grunt_dithmenos_smoke_and_mirrors, serial_corexii_hall,
          chequers_hall_statues_wall_a, chequers_hall_statues_wall_a

Skill      XL: |  1  2  3  4  5 |
---------------+----------------+-----
Spellcasting   | 4 5 |  5.4
Conjurations   | 4 5 |  5.4
Hexes          | 4 5 |  5.4
Summonings     | 4 5 |  5.4
Necromancy     | 4 5 |  5.4
Translocations | 4 5 |  5.4
Fire Magic     | 4 5 |  5.4
Ice Magic      | 4 5 |  5.4
Air Magic      | 4 5 |  5.4
Earth Magic    | 4 5 |  5.4
Alchemy        | 4 5 |  5.4
Dodging        | |  2.1
Stealth        | |  1.5

Action                     |  1- 3 |  4- 6 || total
---------------------------+-------+-------++-------
  Melee: Dagger            |     7 |       ||     7
   Cast: Magic Dart        |    55 |    62 ||   117
         Searing Ray       |     1 |     4 ||     5
         Static Discharge  |       |     4 ||     4
    Use: Potion            |     1 |     1 ||     2
         Scroll            |       |     2 ||     2
   Stab: Sleeping          |     1 |       ||     1
 Armour: Robe              |    14 |    10 ||    24
  Dodge: Dodged            |    27 |     3 ||    30
